Map: Automaton LE

Players

Mephstar - Winner!

  • Race: Zerg Zerg
  • Spawn Location: 3:00

EdgarTurbo

  • Race: Zerg Zerg
  • League: Platinum
  • Spawn Location: 9:00

VOD

Have the link to the VOD?

Description

Time

  • Played on: Feb. 10, 2019, 10:08 a.m.
  • Length: 9:53
Show
View Real Time Build Order
Export as new Build Order

Mephstar Zerg - Winner!

Build Orders: Hatch First 

Get SALT Encoding   

  12  0:01  Drone  
  13  0:12  Overlord  
  13  0:18  Drone  
  14  0:31  Drone x2  
  14  0:35  Drone  
  17  0:57  Drone, Hatchery  
  17  1:02  Drone  
  18  1:07  Extractor  
  18  1:08  Drone  
  18  1:21  Spawning Pool  
  18  1:24  Drone  
  18  1:30  Drone  
  19  1:39  Overlord  
  19  1:50  Drone  
  20  2:07  Queen  
  22  2:08  Queen  
  22  2:10  Zergling x4  
  22  2:14  Metabolic Boost  
  26  2:17  Drone  
  26  2:20  Drone  
  28  2:24  Drone  
  29  2:33  Drone  
  29  2:34  Drone  
  31  2:41  Overlord  
  31  2:52  Drone x2, Evolution Chamber  
  31  2:55  Drone  
  33  3:03  Drone  
  34  3:08  Zergling x2  
  35  3:14  Zergling x2  
  36  3:20  Zerg Ground Armor Level 1  
  36  3:21  Zergling x12  
  42  3:38  Drone x2  
  43  3:49  Drone  
  43  3:55  Baneling Nest  
  43  3:57  Overlord x2  
  42  4:06  Zergling x2  
  41  4:18  Zergling x4  
  41  4:19  Zergling x8  
  46  4:28  Zergling x6  
  46  4:29  Zergling x2  
  50  4:37  Roach Warren  
  47  4:38  Zergling x6  
  47  4:39  Zergling x2  
  49  4:47  Zergling x4  
  49  4:52  Zergling x2  
  50  4:59  Zergling x2  
  51  5:00  Zergling x6  
  49  5:11  Zergling x4  
  49  5:20  Hatchery, Overlord x2  
  47  5:38  Zergling x8  
  47  5:39  Zergling x8  
  54  5:55  Roach x2  
  54  5:56  Roach  
  57  6:13  Lair  
  57  6:19  Drone x4  
  57  6:22  Overlord x2  
  57  6:25  Zerg Melee Weapons Level 1  
  61  6:27  Drone  
  61  6:28  Drone x2  
  60  6:48  Roach x3  
  60  6:49  Roach x7  
  77  7:02  Baneling  
  77  7:03  Extractor, Zergling x4  
  77  7:04  Zergling x2  
  69  7:31  Glial Reconstitution  
  69  7:33  Drone x3  
  72  7:43  Roach x2  
  76  7:46  Drone x6  
  76  7:47  Drone  
  83  7:58  Extractor, Drone x3  
  85  8:03  Drone  
  85  8:04  Queen  
  88  8:19  Roach x4  
  96  8:25  Drone  
  96  8:26  Overlord x2  
  96  8:27  Overlord x3  
  97  8:49  Extractor  
  97  8:51  Extractor  
  97  8:53  Drone x5  
  97  8:54  Drone x5  
  103  9:15  Roach x2  
  103  9:16  Roach x7  
  105  9:30  Roach x4  
  105  9:31  Roach  
Show
View Real Time Build Order
Export as new Build Order

EdgarTurbo Zerg 

Build Orders: Hatch First 

Get SALT Encoding   

  12  0:01  Drone  
  13  0:13  Overlord  
  13  0:19  Drone  
  14  0:32  Drone x2  
  16  0:39  Drone  
  17  0:57  Hatchery  
  17  0:59  Drone  
  17  1:05  Extractor, Drone  
  17  1:20  Spawning Pool  
  16  1:31  Drone  
  17  1:35  Drone  
  17  1:37  Drone  
  20  1:47  Drone  
  20  1:55  Drone  
  21  2:11  Queen  
  21  2:15  Hatchery  
  22  2:22  Metabolic Boost  
  22  2:28  Roach Warren  
  21  2:32  Zergling x2  
  22  2:38  Zergling x4  
  22  2:42  Zergling x2  
  25  2:52  Zergling x4  
  25  2:53  Zergling x2  
  28  3:00  Overlord  
  28  3:09  Overlord  
  28  3:19  Roach x2  
  32  3:23  Zergling x2  
  32  3:26  Roach  
  35  3:34  Zergling x2  
  35  3:35  Zergling x4  
  37  3:43  Zergling x4  
  37  3:57  Roach x3  
  37  4:01  Zergling x2  
  44  4:06  Zergling x2, Drone  
  46  4:20  Zergling x6  
  49  4:26  Overlord  
  49  4:28  Zergling x2  
  43  4:48  Zergling x2  
  43  4:49  Zergling x4, Roach x2  
  40  5:00  Zergling x4  
  40  5:01  Zergling x4  
  40  5:03  Drone  
  39  5:12  Zergling x2  
  39  5:13  Zergling x4  
  37  5:18  Zergling x4  
  39  5:22  Drone  
  40  5:29  Zergling x2, Roach  
  41  5:40  Zergling x4  
  41  5:41  Zergling x4  
  44  5:54  Zergling x8  
  47  6:02  Zergling x2  
  47  6:03  Zergling x4  
  49  6:15  Drone x2, Evolution Chamber  
  49  6:16  Drone  
  51  6:21  Drone x2  
  53  6:29  Queen  
  55  6:35  Roach  
  57  6:43  Roach  
  57  6:44  Zergling x2  
  48  7:21  Zergling x14  
  48  7:22  Zergling x10  
  51  7:25  Zergling x2  
  51  7:26  Queen  
  53  7:40  Zergling x6  
  53  7:43  Zergling x2  
  56  7:53  Drone x2  
  58  8:03  Lair  
  58  8:09  Overlord  
  58  8:10  Overlord  
  58  8:11  Overlord  
  58  8:22  Overlord x2  
  58  8:39  Overlord x2  
  58  8:40  Roach x3  
  64  8:44  Drone  
  64  8:48  Drone x2  
  65  9:08  Zergling x14  
  47  9:17  Zergling x4  
  47  9:18  Zergling x2  
  35  9:28  Zergling x2  
  35  9:29  Zergling x2  
Tags
 
Add a new tag
Caveats
  • Supply blocks, unpowered buildings, or Contaminate may cause inaccurate times.
  • Supply counts are checked every 10 seconds.